← All builds
Air / Cortex / Economy first / OBSERVED BUILD

Standard air

Cortex Air build order · Supreme Isthmus

Economy-first air build: Aircraft Plant then Advanced Metal Extractor and Fusion Reactor, making transports and scouts for allies while transitioning into fighters and occasional bombers over the whole game.

Usually transports first (78%)

#eco #air #team support · 1496 distinct matches · 252 players · 80% of Cortex Air games · team won 46% of 1799 · Recently observed

HOW TO PLAY IT

Key timing: Aircraft Plant by 1:24

  1. Open 3 mex and wind, then drop Aircraft Plant early.
  2. Finish Aircraft Plant and start fighters for scouting and defense.
  3. Eat the Aircraft Plant once production needs outgrow it.
  4. Get Advanced Metal Extractor up to scale eco.
  5. Bring Fusion Reactor online and keep feeding transports, scouts, fighters to allies.

Phase by phase

TYPICAL OF ITS 1496 GAMES
  1. 1
  2. 2
  3. 3
PLAY THE OPENING

Follow the example game's first 6:00 step by step: what to build now, what comes next, and where it goes. At 1× it keeps pace with your own game.

  1. 1

    Up to the Aircraft Plant

    Economy
    • Metal Extractor3Mex
    • Wind Turbine4Wind
    Order
    1. Aircraft PlantAircraft Plant after 3 mex, 4 winddone ~1:26, middle half 1:14–1:35

    Some games also: energy storage (38%)

    By 1:07 in all: 3 mex · 4 wind

    The example game in this phase · 3 steps
    1. Mex ×3
    2. Wind ×4
    3. Aircraft PlantAircraft Plantdone 1:16 · typical 1:26
  2. 2

    Aircraft Plant to 5:00

    Economy
    • Metal Extractor1Mex
    • Wind Turbine9Wind
    • Wind Turbine3Wind
    Builders
    • Construction Turret2 Con turret
    • Construction Aircraft1 Con aircraft
    Army
    • Valiant5 Valiant
    • Hercules2 Light transport for allies
    • Finch2 Finch for allies
    • Finch1 Finch
    • Hephaestus1 Heavy transport for allies

    Some games also: shuriken (49%) · energy storage (45%) · converter (44%) · light transport (40%)

    By 5:00 in all: 3 mex · 1 mex · 13 wind · 3 wind · 1 energy storage · 2 con turret

    The example game in this phase · 28 steps
    1. FinchFinch ×2for Geo sea
    2. Wind ×2
    3. HerculesLight transportfor Geo sea
    4. HephaestusHeavy transportfor Beach sea
    5. Construction AircraftCon aircraft
    6. Con turret
    7. ValiantValiant
    8. Wind ×3
    9. ValiantValiant
    10. Con turret
    11. Energy storage
    12. ValiantValiant
    13. WhirlwindWhirlwind
    14. Wind ×3
    15. ValiantValiant
    16. FinchFinch
    17. Wind ×2
    18. Converter
    19. Wind ×2
    20. Converter
    21. Wind ×3
    22. HerculesLight transportfor Tech
    23. Converter ×5
    24. Wind
    25. Wind
    26. Converter
    27. Wind
    28. Wind
  3. 3

    5:00 to 10:00

    Economy
    • Wind Turbine21Wind
    • Wind Turbine5Wind
    • Energy Converter6Converter
    Order
    1. Aircraft PlantEat Aircraft Plant
    2. Aircraft PlantAircraft Plant after 19 wind, 18 wind, 7 converterin 58% of games
    Builders
    • Construction Turret3 Con turret
    Army
    • Valiant9 Valiant

    Some games also: shuriken (48%) · fusion (38%) · con aircraft (35%) · light transport (31%)

    By 10:00 in all: 3 mex · 1 mex · 25 wind · 20 wind · 8 converter · 1 energy storage

    The example game in this phase · 94 steps
    1. Wind
    2. Wind
    3. Wind
    4. Wind
    5. Converter
    6. ShurikenShuriken
    7. Wind
    8. ShurikenShuriken ×6
    9. Wind
    10. ShurikenShuriken
    11. Converter
    12. ShurikenShuriken ×2
    13. Wind
    14. ShurikenShuriken ×3
    15. Wind
    16. ShurikenShuriken ×3
    17. Converter
    18. ShurikenShuriken
    19. Advanced Metal ExtractorT2 mexdone 6:40 · typical 6:54
    20. ShurikenShuriken
    21. Advanced Metal ExtractorT2 mex ×2
    22. Con turret
    23. ValiantValiant
    24. Con turret
    25. ValiantValiant
    26. Con turret
    27. ValiantValiant
    28. Con turret
    29. ValiantValiant ×7
    30. Wind
    31. ValiantValiant
    32. Advanced Metal ExtractorT2 mex
    33. ShurikenShuriken
    34. Wind
    35. ShurikenShuriken ×2
    36. Wind
    37. ShurikenShuriken ×2
    38. Wind
    39. ShurikenShuriken ×2
    40. Wind
    41. ShurikenShuriken
    42. Wind
    43. Wind
    44. ShurikenShuriken
    45. Wind
    46. ShurikenShuriken
    47. Wind
    48. ShurikenShuriken
    49. Wind
    50. ShurikenShuriken
    51. Wind
    52. ShurikenShuriken
    53. Wind
    54. Wind
    55. ShurikenShuriken
    56. Wind
    57. ShurikenShuriken
    58. Wind
    59. ShurikenShuriken
    60. ValiantValiant
    61. Wind
    62. ValiantValiant
    63. Wind
    64. ValiantValiant ×13
    65. Wind
    66. ValiantValiant ×5
    67. Wind
    68. ValiantValiant ×3
    69. Wind
    70. ValiantValiant ×5
    71. Wind
    72. ValiantValiant
    73. ShurikenShuriken
    74. Wind
    75. ShurikenShuriken ×2
    76. Wind
    77. ShurikenShuriken
    78. Wind
    79. ShurikenShuriken
    80. Wind
    81. ValiantValiant ×2
    82. Con turret
    83. Fusion ReactorFusionnot finished by 15:00 · typical 10:53
    84. ValiantValiant
    85. Con turret ×2
    86. ValiantValiant ×2
    87. Wind
    88. Con turret
    89. ValiantValiant
    90. Wind
    91. ValiantValiant ×2
    92. Wind
    93. ValiantValiant
    94. Wind

Counts are medians over the build's games: half of them build more, half fewer. The example game is HappyMajo's (30 OS, 11/09/2026); pick another.

Team trades

IN AT LEAST 30% OF ITS GAMES

You hand over

  • Finch2 Finch to Geo sea or Beach seafirst at 1:51 · in 96% of games
  • Hercules3 Light transport to Tech or Geo sea or Beach seafirst at 2:06 · in 99% of games
  • Hephaestus1 Heavy transport to Beach sea or Pond or Techfirst at 2:23 · in 72% of games

You get

  • Wind Turbine3 Wind from Beach sea or Geo seafirst at 1:37 · in 64% of games
  • Wind Turbine3 Wind from Beach sea or Geo sea or Pondfirst at 1:42 · in 46% of games
  • Construction Bot1 Con bot from Techfirst at 2:23 · in 88% of games
  • Advanced Construction Bot1 T2 con bot from Techfirst at 6:05 · in 96% of games

How it plays out

Typical game of this build, running totals by minute

Metal produced

010k20k30k
0:005:0010:0015:00

metal

Enemy metal destroyed

01k2k
0:005:0010:0015:00

metal

Own metal lost

01k2k3k
0:005:0010:0015:00

metal

1799 games.

Show as table
ByMetal produced: This buildEnemy metal destroyed: This buildOwn metal lost: This build
1:0039200
2:0092300
3:00145600
4:002052051
5:0027635173
6:003705102124
7:005088146167
8:006898190219
9:009278232270
10:0011753292384
11:0014351373538
12:0017061513781
13:00198507811102
14:002270012641689
15:002570818042405
WHAT THE NUMBERS SAY

Standard air play wins less than half its games, with very low combat losses and kills since the role mostly supports rather than fights.

  • + Own metal lost stays very low, only 2701 by 15:00.
  • + Metal production reaches 25740 by 15:00, a strong support economy.
  • − Team wins under half of games (47%).
  • − Enemy metal destroyed stays low at 2097 by 15:00, showing little direct impact.
THE EXAMPLE YOU ARE READING

HappyMajo

30.2 OS · 11/09/2026

Open source match ↗

8 received units · includes a constructor
2940 metal received · 99876 energy received

Allied construction assistance is unknown. Timings are observations, not a promise of solo reproducibility.

Typical milestones

Aircraft Plant1:26Middle 50%: 1:14–1:35 · n=1799
Advanced Metal Extractor6:54Middle 50%: 6:27–7:26 · n=1740
Fusion Reactor10:53Middle 50%: 9:47–12:18 · n=1151

Played most by

TheGeneraI114games of this buildDad_The_Speedrunner72games of this buildHunfore62games of this buildMilkdragon51games of this buildAdeus50games of this build